[Event "Titled Tuesday Blitz August 09 Early 2022"]
[White "Veiga, Jose Francisco R P Neves"]
[Black "Malek, Jan"]
[WhiteFideId "1930087"]
[BlackFideId "21864080"]
[WhiteElo "2273"]
[BlackElo "2143"]
[Result "1-0"]
[Round "07"]
[TimeControl "180+1"]
[Date "2022.08.09"]
[WhiteClock "0:00:07"]
[BlackClock "0:00:02"]

1. Nf3 d5 2. c4 d4 3. g3 c5 4. Bg2 Nc6 5. O-O e5 6. d3 Bd6 7. e3 h6 8. exd4 exd4 9. Re1+ Nge7 10. Nbd2 b6 11. Ne4 Bc7 12. a3 a5 13. Rb1 O-O 14. Ned2 Bf5 15. Bf1 Qd7 16. Qa4 Rfe8 17. Qb5 a4 18. b4 Qd6 19. Ne4 Bxe4 20. Rxe4 g5 21. Bg2 Reb8 22. h4 f6 23. Bh3 f5 24. Rxe7 Nxe7 25. hxg5 Qe6 26. Bd2 Bd6 27. Re1 Qc8 28. Bf4 Qc7 29. Bxd6 Qxd6 30. gxh6 Ra7 31. Bg2 Rc8 32. Ne5 Qxh6 33. Nd7 Qd6 34. Nxb6 Rb8 35. bxc5 Qc7 36. Qb2 f4 37. Qxd4 fxg3 38. Qg4+ Kf8 39. Qxg3 Qxc5 40. Qxb8+ Kf7 41. Qxa7 Qd4 42. Qxe7+ Kg6 43. Qe4+ 1-0


[Site "https://www.chess.com"]

[Event "Titled Tuesday Blitz August 09 Early 2022"]
[White "Vovk, Orest"]
[Black "Azarov, Sergei"]
[WhiteFideId "14113490"]
[BlackFideId "13501470"]
[WhiteElo "2203"]
[BlackElo "2494"]
[Result "1-0"]
[Round "07"]
[TimeControl "180+1"]
[Date "2022.08.09"]
[WhiteClock "0:00:12"]
[BlackClock "0:00:08"]

1. h4 a5 2. h5 a4 3. a3 Ra5 4. d4 f5 5. Bd2 Ra8 6. h6 g6 7. Nc3 Nf6 8. Nf3 d5 9. Ne5 Nbd7 10. Bf4 c6 11. e3 e6 12. Be2 Nxe5 13. Bxe5 Bd6 14. f4 O-O 15. g4 c5 16. gxf5 exf5 17. dxc5 Bxc5 18. Bxf6 Rxf6 19. Qxd5+ Qxd5 20. Nxd5 Rd6 21. O-O-O Kf7 22. Bf3 Be6 23. Rd3 Rad8 24. Rhd1 b6 25. R1d2 R6d7 26. Kd1 b5 27. Ke2 Bf8 28. Nb6 Rxd3 29. Rxd3 Rxd3 30. cxd3 Bxh6 31. Bc6 Bg7 32. d4 h6 33. Bxb5 g5 34. fxg5 hxg5 35. Nxa4 f4 36. Nc5 Bg4+ 37. Kf2 fxe3+ 38. Kxe3 Bf5 39. Bd3 Bc8 40. Ne4 Bh6 41. Nd6+ Ke6 42. Nxc8 g4+ 43. Ke4 g3 44. Bf1 Bc1 45. a4 Bxb2 46. a5 Kd7 47. Nb6+ Kc6 48. Nc4 Bc3 49. d5+ Kb5 50. d6 Kc6 51. a6 Bf6 52. Kf5 Bd8 53. Bg2+ Kb5 54. a7 Kxc4 55. a8=Q 1-0


[Site "https://www.chess.com"]

[Event "Titled Tuesday Blitz August 09 Early 2022"]
[White "Wagner, Dennis"]
[Black "Espinosa Veloz, Ermes"]
[WhiteFideId "24650684"]
[BlackFideId "3507424"]
[WhiteElo "2355"]
[BlackElo "2333"]
[Result "1-0"]
[Round "07"]
[TimeControl "180+1"]
[Date "2022.08.09"]
[WhiteClock "0:00:11"]
[BlackClock "0:00:01"]

1. e4 e5 2. Nf3 Nc6 3. Bc4 Nf6 4. d3 Be7 5. O-O O-O 6. Re1 d6 7. a4 Kh8 8. Nc3 Ng8 9. Nd5 f5 10. c3 Bf6 11. b4 Nce7 12. Nxf6 Nxf6 13. Bg5 h6 14. Bxf6 Rxf6 15. Bb3 fxe4 16. Rxe4 Bf5 17. Re3 Ng6 18. d4 e4 19. Nd2 d5 20. f3 exf3 21. Nxf3 Nf4 22. Ne5 Be4 23. Qg4 Qd6 24. Rg3 g5 25. h4 Rg8 26. Re1 Rg7 27. hxg5 Rxg5 28. Qc8+ Kg7 29. Rxg5+ hxg5 30. Rxe4 Rf8 31. Qg4 dxe4 32. Qxg5+ Kh7 33. Bc2 Qd5 34. Qe7+ Kg8 35. Qg5+ Kh7 36. Qh4+ 1-0


[Site "https://www.chess.com"]

[Event "Titled Tuesday Blitz August 09 Early 2022"]
[White "White, John S."]
[Black "Martinez, Shawn"]
[WhiteFideId "2502348"]
[BlackFideId "2039770"]
[WhiteElo "2162"]
[BlackElo "2174"]
[Result "0-1"]
[Round "07"]
[TimeControl "180+1"]
[Date "2022.08.09"]
[WhiteClock "0:00:01"]
[BlackClock "0:00:32"]

1. e4 c5 2. Nf3 e6 3. d4 cxd4 4. Nxd4 a6 5. Nc3 Bb4 6. Bd3 d6 7. Be3 Nf6 8. O-O Bxc3 9. bxc3 e5 10. Nb3 O-O 11. f3 Be6 12. c4 Nbd7 13. c5 Nxc5 14. Nxc5 dxc5 15. Bxc5 Re8 16. Qd2 Rc8 17. Be3 Qc7 18. Qb4 Nd7 19. Rfd1 Nc5 20. Be2 b5 21. Kh1 Na4 22. c4 Bxc4 23. Rdc1 Bxe2 24. Rxc7 Rxc7 25. Qa5 Rc6 26. h3 h6 27. Re1 Bc4 28. a3 Rec8 29. Rc1 Be6 30. Rxc6 Rxc6 31. Qd8+ Kh7 32. Qa8 Rc3 33. Bf2 Rxa3 34. Qxa6 b4 35. Kh2 b3 36. Bc5 Ra2 37. Qb5 b2 38. Bd6 Nc3 39. Bxe5 Nxb5 40. Bxb2 Rxb2 0-1


[Site "https://www.chess.com"]

[Event "Titled Tuesday Blitz August 09 Early 2022"]
[White "Winterberg, Lukas"]
[Black "Bressac, Stephane"]
[WhiteFideId "24622702"]
[BlackFideId "655945"]
[WhiteElo "2349"]
[BlackElo "2339"]
[Result "1-0"]
[Round "07"]
[TimeControl "180+1"]
[Date "2022.08.09"]
[WhiteClock "0:00:38"]
[BlackClock "0:00:10"]

1. d4 d6 2. Nf3 Nf6 3. c4 Nbd7 4. Nc3 g6 5. e4 e5 6. Be2 Bg7 7. h3 O-O 8. d5 Nc5 9. Qc2 a5 10. g4 Bd7 11. Be3 b6 12. Nd2 Ne8 13. h4 f5 14. gxf5 gxf5 15. Bg5 Nf6 16. O-O-O Kh8 17. exf5 h6 18. Rdg1 Qe8 19. Be3 Nh7 20. f6 Nxf6 21. Rg6 Nh7 22. Bg4 Bxg4 23. Rxg4 Nf6 24. Rg6 Ng8 25. Rhg1 Rf7 26. Nde4 Nd7 27. Qe2 Nf8 28. R6g2 Re7 29. Qg4 Qf7 30. Ng3 Nf6 31. Qe2 N8h7 32. Nf5 Rg8 33. Nxe7 Qxe7 34. Qf3 e4 35. Qf5 a4 36. Qe6 Qf8 37. Nxe4 Nxe4 38. Qxe4 Qf6 39. Bd4 Qxd4 40. Qxd4 Bxd4 41. Rxg8# 1-0


[Site "https://www.chess.com"]

[Event "Titled Tuesday Blitz August 09 Early 2022"]
[White "Yurovskykh, Oleksandr"]
[Black "Agasarov, Benik"]
[WhiteFideId "14134020"]
[BlackFideId "13314823"]
[WhiteElo "2292"]
[BlackElo "2152"]
[Result "1-0"]
[Round "07"]
[TimeControl "180+1"]
[Date "2022.08.09"]
[WhiteClock "0:00:14"]
[BlackClock "0:00:29"]

1. d4 Nf6 2. Nf3 g6 3. Bg5 Bg7 4. Nbd2 d5 5. e3 O-O 6. Be2 c5 7. c3 Nc6 8. O-O cxd4 9. cxd4 Bg4 10. Qb3 Ne4 11. Qxb7 Na5 12. Qa6 Nxg5 13. Nxg5 Bxe2 14. Qxe2 e5 15. Ngf3 e4 16. Ne1 Qb6 17. b3 Rac8 18. g3 Nb7 19. Ng2 g5 20. Rfc1 Nd6 21. Qd1 Nb5 22. Nf1 h6 23. Qd2 a5 24. Rxc8 Rxc8 25. Rc1 Rc7 26. g4 Bf8 27. Rxc7 Qxc7 28. Ng3 Bb4 29. Qd1 Nc3 30. Qc2 Kh7 31. h4 Nb5 32. Qxc7 Nxc7 33. a4 Bd2 34. Kf1 Na6 35. Ke2 Bc3 36. h5 Nb4 37. Nf5 f6 38. Ne7 Kg7 39. f3 Kf7 40. Nf5 exf3+ 41. Kxf3 Nd3 42. Nxh6+ Kf8 43. Ke2 Nc1+ 44. Kd1 Na2 45. Nf5 Bb4 46. Ne1 Nc3+ 47. Kc2 Ne4 48. Nd3 Ba3 49. Nc5 Bxc5 50. dxc5 Nxc5 51. Nd4 Ne4 52. Nc6 Nf2 53. Nxa5 Nxg4 54. Nc6 Nxe3+ 55. Kd3 Nf5 56. Nd4 Nd6 57. a5 Nc8 58. b4 g4 59. b5 Kg7 60. b6 Nd6 61. a6 g3 62. Ke3 Nc4+ 63. Kf3 Nxb6 64. Kxg3 Kh6 65. Kg4 Nc4 66. Nf5+ Kh7 67. a7 Nb6 68. Kf4 Kg8 69. Ke3 Kf7 70. Kd4 Ke6 71. h6 Kf7 72. h7 Nc8 73. h8=Q Nxa7 74. Qg7+ Ke6 75. Ne3 Nc6+ 76. Kd3 Ne5+ 77. Ke2 d4 78. Qg8+ Ke7 79. Nf5+ Kd7 80. Nxd4 Kd6 81. Qe6+ Kc5 82. Nf5 Ng4 83. Ne3 Ne5 84. Qxf6 Nc6 85. Qf5+ Kb6 86. Nc4+ Ka6 87. Qc5 Nd4+ 88. Qxd4 Kb5 89. Qb6+ Kxc4 90. Qd6 Kb3 91. Kd3 Ka2 92. Qb8 Ka1 93. Kc3 Ka2 94. Qb2# 1-0


[Site "https://www.chess.com"]

[Event "Titled Tuesday Blitz August 09 Early 2022"]
[White "Zaichenko, Daria"]
[Black "Filippova, Margarita"]
[WhiteFideId "4197453"]
[BlackFideId "34199680"]
[WhiteElo "2039"]
[BlackElo "1734"]
[Result "1-0"]
[Round "07"]
[TimeControl "180+1"]
[Date "2022.08.09"]
[WhiteClock "0:02:06"]
[BlackClock "0:01:22"]

1. e4 e5 2. Nf3 Nc6 3. Bc4 Nf6 4. d3 Bc5 5. c3 O-O 6. Bb3 a6 7. O-O Ba7 8. Nbd2 d5 9. Qe2 Bg4 10. h3 Bh5 11. Rd1 d4 12. Nf1 dxc3 13. bxc3 Qe7 14. Ng3 Bg6 15. Nh4 Rad8 16. Nhf5 Bxf5 17. Nxf5 Qd7 18. Bg5 Kh8 19. Qf3 Na5 20. Nxg7 Nxb3 21. Bxf6 Nxa1 22. Nh5+ Kg8 23. Qg3+ 1-0


[Site "https://www.chess.com"]

[Event "Titled Tuesday Blitz August 09 Early 2022"]
[White "Abdrlauf, Elham"]
[Black "Kamsky, Gata"]
[WhiteFideId "1533533"]
[BlackFideId "2000024"]
[WhiteElo "2862"]
[BlackElo "2892"]
[Result "0-1"]
[Round "08"]
[TimeControl "180+1"]
[Date "2022.08.09"]
[WhiteClock "0:00:03"]
[BlackClock "0:00:14"]

1. e4 c5 2. Nf3 e6 3. c3 Nf6 4. e5 Nd5 5. Bc4 Nb6 6. Bb3 c4 7. Bc2 d6 8. exd6 Bxd6 9. O-O O-O 10. d4 cxd3 11. Qxd3 f5 12. Qe2 Nc6 13. Bb3 Qf6 14. Re1 Re8 15. Ng5 h6 16. Nh3 Kh8 17. Nf4 e5 18. Qh5 Bd7 19. Bf7 Red8 20. Nd5 Nxd5 21. Bxd5 Bc5 22. c4 Nd4 23. Na3 Bc6 24. Bxc6 bxc6 25. Be3 Rab8 26. Rab1 e4 27. Bxd4 Rxd4 28. b4 Rxb4 29. Nc2 Rxb1 30. Rxb1 Rd8 31. Ne3 Bxe3 32. fxe3 Qg5 33. Qxg5 hxg5 34. Rf1 g6 35. Rb1 Rd3 36. Rb8+ Kg7 37. Rb7+ Kh6 38. Rxa7 Rxe3 39. a4 Rc3 40. a5 Rxc4 41. a6 Ra4 42. Ra8 Kg7 43. Kf2 f4 44. a7 Ra2+ 45. Ke1 e3 46. h3 c5 47. Kf1 c4 48. Rc8 Rxa7 49. Rxc4 Ra1+ 50. Ke2 Rg1 51. Kf3 Rf1+ 52. Ke2 Rf2+ 53. Ke1 Rxg2 54. Rc7+ Kh6 55. Rc8 Rh2 56. Kf1 f3 57. Kg1 Ra2 58. Rh8+ Kg7 59. Re8 Ra1+ 0-1


[Site "https://www.chess.com"]

[Event "Titled Tuesday Blitz August 09 Early 2022"]
[White "Agasarov, Benik"]
[Black "Fajdetic, Hrvoje"]
[WhiteFideId "13314823"]
[BlackFideId "14501945"]
[WhiteElo "2152"]
[BlackElo "2172"]
[Result "0-1"]
[Round "08"]
[TimeControl "180+1"]
[Date "2022.08.09"]
[WhiteClock "0:00:09"]
[BlackClock "0:00:12"]

1. Nf3 c5 2. e4 a6 3. c3 d5 4. exd5 Qxd5 5. d4 Bg4 6. Be2 Nf6 7. h3 Bh5 8. Be3 e6 9. dxc5 Nbd7 10. b4 Qxd1+ 11. Bxd1 Nd5 12. Bd4 f6 13. g4 Bf7 14. Ba4 e5 15. Be3 Nxe3 16. fxe3 a5 17. a3 h5 18. g5 Bd5 19. O-O Bc6 20. Bxc6 bxc6 21. Nbd2 Be7 22. Nc4 axb4 23. axb4 O-O 24. gxf6 gxf6 25. Na5 Ra6 26. Nh4 Rfa8 27. Nf5 Bxc5 28. Rad1 Nf8 29. Kh2 Ba7 30. Rg1+ Kh8 31. Rg7 c5 32. Rdg1 Nh7 33. Nh6 Ng5 34. R7xg5 fxg5 35. Nf7+ Kg7 36. Nxg5 cxb4 37. Ne4+ Kh6 38. cxb4 Bxe3 39. Rd1 Bd4 40. Rf1 Rb8 41. Nc4 Rxb4 42. Ncd6 Ra3 43. Nf5+ Kh7 44. Rc1 Rb2+ 45. Nf2 Rxf2+ 46. Kh1 Rxh3+ 47. Kg1 Rc2+ 48. Nxd4 Rxc1+ 49. Kg2 exd4 50. Kxh3 Rc5 51. Kh4 Kg6 52. Kg3 Rg5+ 53. Kh4 d3 54. Kh3 d2 55. Kh4 d1=Q 56. Kh3 Qd4 57. Kh2 Re5 58. Kh3 Re3+ 59. Kh2 Qd2+ 60. Kh1 Re1# 0-1


[Site "https://www.chess.com"]

[Event "Titled Tuesday Blitz August 09 Early 2022"]
[White "Aldokhin, Ivan"]
[Black "Lagno, Kateryna"]
[WhiteFideId "24115720"]
[BlackFideId "14109336"]
[WhiteElo "2630"]
[BlackElo "2773"]
[Result "1-0"]
[Round "08"]
[TimeControl "180+1"]
[Date "2022.08.09"]
[WhiteClock "0:00:04"]
[BlackClock "0:00:08"]

1. e4 e5 2. Nf3 Nc6 3. Bb5 a6 4. Ba4 d6 5. Bxc6+ bxc6 6. d4 exd4 7. Qxd4 Nf6 8. Nc3 Be7 9. O-O O-O 10. Bf4 Rb8 11. b3 Nd7 12. Rad1 Nc5 13. Bg3 Bg4 14. Qc4 Bxf3 15. gxf3 Qc8 16. b4 Ne6 17. Qxc6 Ng5 18. f4 Nh3+ 19. Kg2 Qg4 20. Nd5 Bd8 21. f3 Qh5 22. Qd7 f5 23. e5 dxe5 24. fxe5 Bg5 25. f4 Rbd8 26. Qe6+ Kh8 27. fxg5 Nxg5 28. Qe7 Qh3+ 29. Kh1 Ne4 30. Qh4 Qxh4 31. Bxh4 Rde8 32. Nxc7 Rxe5 33. Rd5 Rxd5 34. Nxd5 g5 35. Bf2 f4 36. Bd4+ Kg8 37. c4 Nd2 38. Rc1 f3 39. Be3 Ne4 40. Rf1 g4 41. Rg1 h5 42. Rc1 h4 43. Rg1 g3 44. hxg3 hxg3 45. Bf4 f2 46. Rf1 Kf7 47. Kg2 Kg6 48. Kf3 Nd2+ 49. Kg2 Nxf1 50. Kxf1 Kf5 51. Bxg3 Ke4 52. Bxf2 Kd3 53. c5 Kc4 54. Ne7 Re8 55. Bh4 Kb5 56. c6 Kb6 57. Ke2 Rh8 58. Bf6 Rh2+ 59. Kd3 Rxa2 60. Bd4+ Kc7 61. Be5+ Kb6 62. c7 Ra3+ 63. Kc4 Ra1 64. c8=Q Rc1+ 65. Bc3 a5 66. Qc6+ 1-0


[Site "https://www.chess.com"]

[Event "Titled Tuesday Blitz August 09 Early 2022"]
[White "Antonio, Rogelio Jr"]
[Black "Shimanov, Aleksandr"]
[WhiteFideId "5200032"]
[BlackFideId "4198603"]
[WhiteElo "2733"]
[BlackElo "2897"]
[Result "0-1"]
[Round "08"]
[TimeControl "180+1"]
[Date "2022.08.09"]
[WhiteClock "0:00:12"]
[BlackClock "0:00:05"]

1. e4 d5 2. exd5 Qxd5 3. Nc3 Qe5+ 4. Nge2 Nf6 5. d4 Qa5 6. Ng3 h5 7. Bd2 h4 8. Nge4 c6 9. Nxf6+ gxf6 10. Bc4 Nd7 11. Qe2 Nb6 12. Nd5 cxd5 13. Bxa5 Nxc4 14. Bc3 Bd7 15. O-O-O Rc8 16. Kb1 Bf5 17. Rhe1 e6 18. Qf3 Kd7 19. g4 hxg3 20. hxg3 Be7 21. g4 Bg6 22. Qg3 b5 23. f4 Nd6 24. f5 exf5 25. Rxe7+ Kxe7 26. Bb4 Rc6 27. Re1+ Kd7 28. Qa3 Nc8 29. Qf3 Nb6 30. gxf5 Bh5 31. Qa3 Nc8 32. b3 Bg4 33. Rf1 Rh2 34. Bc5 Be2 35. Re1 Bf3 36. Qb4 a6 37. Qc3 Be4 38. Rxe4 dxe4 39. Qg3 Rh1+ 40. Kb2 Nd6 41. Qg7 e3 42. Qg2 Rh8 43. Qd5 Re8 44. Bxd6 Rxd6 45. Qb7+ Kd8 46. Qb8+ Ke7 47. Qc7+ Rd7 48. Qc5+ Kd8 49. d5 e2 50. d6 Rb7 0-1


[Site "https://www.chess.com"]

[Event "Titled Tuesday Blitz August 09 Early 2022"]
[White "Averjanov, Alexey"]
[Black "Maiorov, Nikita"]
[WhiteFideId "14109867"]
[BlackFideId "13501720"]
[WhiteElo "2650"]
[BlackElo "2590"]
[Result "0-1"]
[Round "08"]
[TimeControl "180+1"]
[Date "2022.08.09"]
[WhiteClock "0:01:25"]
[BlackClock "0:01:11"]

1. d4 Nf6 2. c4 e6 3. Nf3 d5 4. e3 b6 5. Nbd2 Bb7 6. Bd3 Bd6 7. O-O O-O 8. Qe2 Ne4 9. b3 Nd7 10. Bb2 f5 11. cxd5 exd5 12. Ne5 Qe7 13. f4 Ndf6 14. Ndf3 Kh8 15. Rac1 a5 16. a4 Rac8 17. Rc2 c6 18. Rfc1 Bb4 19. Ba6 Bxa6 20. Qxa6 c5 21. Qxb6 Ng4 22. Re2 cxd4 23. Rxc8 Rxc8 24. Nxg4 d3 25. Qh6 dxe2 26. Nge5 Rc1+ 27. Bxc1 gxh6 28. Bb2 Bc3 0-1


[Site "https://www.chess.com"]

[Event "Titled Tuesday Blitz August 09 Early 2022"]
[White "Azarov, Sergei"]
[Black "Nasir, Zehn"]
[WhiteFideId "13501470"]
[BlackFideId "2613239"]
[WhiteElo "2494"]
[BlackElo "1993"]
[Result "1-0"]
[Round "08"]
[TimeControl "180+1"]
[Date "2022.08.09"]
[WhiteClock "0:00:08"]
[BlackClock "0:00:03"]

1. e4 c6 2. Nc3 d5 3. Nf3 Bg4 4. h3 Bxf3 5. Qxf3 e6 6. d4 dxe4 7. Nxe4 Qxd4 8. Bd3 Nd7 9. Be3 Qb4+ 10. c3 Qa5 11. Qg3 Ngf6 12. Nxf6+ Nxf6 13. O-O Nd5 14. Bd4 Qc7 15. Be5 Qb6 16. c4 Ne7 17. Bc7 Qc5 18. b4 Qh5 19. Rad1 Nf5 20. Qe5 Be7 21. g4 Qg6 22. Kh1 Qh6 23. gxf5 Qxh3+ 24. Qh2 Qf3+ 25. Qg2 Qh5+ 26. Bh2 O-O 27. fxe6 fxe6 28. Qe4 Rf6 29. f4 Rh6 30. Rf2 Qh4 31. Rg2 Bf6 32. Rdg1 Rf8 33. Qxe6+ Kh8 34. Qe4 Bd8 35. c5 Bc7 36. Rf1 a6 37. a3 Bb8 38. Qe2 Rhf6 39. Qg4 Qh6 40. Qg5 Qxg5 41. Rxg5 Bxf4 42. Bxf4 Rxf4 43. Rxf4 Rxf4 44. Rf5 Rxf5 45. Bxf5 1-0


[Site "https://www.chess.com"]

[Event "Titled Tuesday Blitz August 09 Early 2022"]
[White "Bashirli, Saadat"]
[Black "Locci, Damiano"]
[WhiteFideId "13429990"]
[BlackFideId "819751"]
[WhiteElo "1173"]
[BlackElo "2365"]
[Result "1-0"]
[Round "08"]
[TimeControl "180+1"]
[Date "2022.08.09"]
[WhiteClock "0:00:09"]
[BlackClock "0:00:04"]

1. d4 d5 2. Bg5 Nf6 3. Nd2 c6 4. e3 Ne4 5. Nxe4 dxe4 6. Bc4 Qa5+ 7. c3 Qxg5 8. g3 e6 9. Ne2 Bd6 10. Qc2 Qg6 11. O-O-O Nd7 12. Rdg1 Nb6 13. Bb3 a5 14. a3 Bd7 15. h4 f5 16. Nf4 Bxf4 17. gxf4 Qf6 18. Rh3 O-O-O 19. Rhg3 Rhg8 20. h5 Be8 21. Rg5 h6 22. Rg6 Bxg6 23. Rxg6 Qh4 24. Bxe6+ Kb8 25. Bxg8 Rxg8 26. Qb3 Nd5 27. Rxc6 Qh1+ 28. Kc2 Rd8 29. Rc5 Nc7 30. Qb6 Rd7 31. Rxa5 Qxh5 32. Qa7+ Kc8 33. Rc5 Qe2+ 34. Kb3 Re7 35. Qa8+ Kd7 36. Qxb7 Qd1+ 37. Ka2 Ke8 38. Rxc7 Rxc7 39. Qxc7 Kf8 40. Qd7 h5 41. Qxf5+ Ke7 42. Qxe4+ Kf6 43. Qe5+ Kf7 44. Qf5+ Kg8 45. Qe6+ Kh7 46. Qf5+ Kh6 47. Qh3 Qe2 48. Qe6+ g6 49. f5 Qg4 50. e4 h4 51. Qg8 h3 52. f6 h2 53. Qh8+ Kg5 54. Qxh2 Kxf6 55. Qe5+ Kf7 56. f4 Qd1 57. Qd5+ Kg7 58. f5 Qf1 59. fxg6 Kxg6 60. e5 Qf2 61. Qd6+ Kg5 62. e6 Qf1 63. Qd5+ Kf6 64. Qe5+ Ke7 65. Kb3 Qd1+ 66. Kc4 Qf1+ 67. Kd5 Qh1+ 68. Kc5 Qc1 69. Qd6+ Kf6 70. e7+ Kf5 71. e8=Q Qh1 72. Qee5+ Kg4 73. Qg6+ Kf3 74. Qef5+ Ke2 75. Qge6+ Kd2 76. Qfe4 Qh5+ 77. Q4e5 Qh1 78. d5 Kc2 79. Qd4 Kb3 80. d6+ Kxb2 81. d7 Qh5+ 82. Qed5 Qh8 83. d8=Q Qxd8 84. Qxd8 Kxa3 85. c4 1-0


[Site "https://www.chess.com"]

[Event "Titled Tuesday Blitz August 09 Early 2022"]
[White "Belov, Vladimir"]
[Black "Danielyan, Vahe"]
[WhiteFideId "4132394"]
[BlackFideId "13304828"]
[WhiteElo "2791"]
[BlackElo "2548"]
[Result "1-0"]
[Round "08"]
[TimeControl "180+1"]
[Date "2022.08.09"]
[WhiteClock "0:01:44"]
[BlackClock "0:01:15"]

1. e4 d5 2. exd5 Qxd5 3. Nc3 Qe5+ 4. Be2 Bg4 5. d4 Bxe2 6. Ngxe2 Qa5 7. O-O Nf6 8. d5 c6 9. Nf4 cxd5 10. b4 Qd8 11. Ncxd5 Nxd5 12. Nxd5 e6 13. Re1 Bd6 14. Bb2 h5 15. Bxg7 Rg8 16. Nf6+ Ke7 17. Nxg8+ Qxg8 18. Bf6+ 1-0


[Site "https://www.chess.com"]

[Event "Titled Tuesday Blitz August 09 Early 2022"]
[White "Bilych, Olexiy"]
[Black "Demchenko, Anton"]
[WhiteFideId "14156504"]
[BlackFideId "4160258"]
[WhiteElo "2743"]
[BlackElo "2910"]
[Result "0-1"]
[Round "08"]
[TimeControl "180+1"]
[Date "2022.08.09"]
[WhiteClock "0:00:15"]
[BlackClock "0:00:07"]

1. e4 e5 2. Nf3 Nc6 3. Bc4 Nf6 4. d3 h6 5. O-O d6 6. a4 g6 7. a5 a6 8. c3 Bg7 9. Re1 O-O 10. Nbd2 Be6 11. Bxe6 fxe6 12. h3 Qd7 13. g3 Rf7 14. Nf1 Raf8 15. N1h2 d5 16. Qe2 Qd6 17. Bd2 Nd7 18. Kg2 Kh7 19. Rf1 Na7 20. Rab1 c5 21. h4 Nc6 22. Ra1 Nf6 23. Ra4 c4 24. dxc4 Nxe4 25. cxd5 exd5 26. Bc1 Nc5 27. Ra3 e4 28. Nd4 Nxd4 29. cxd4 Bxd4 30. Bf4 Rxf4 31. gxf4 Ne6 32. Qg4 Rxf4 33. Qg3 Be5 34. Ng4 h5 35. Nxe5 Qxe5 36. Rb3 Qf5 37. Rxb7+ Kh6 38. Rb6 Rg4 39. Rxa6 Nf4+ 40. Kg1 Ne2+ 41. Kg2 Nxg3 42. fxg3 Qe5 43. Rff6 Qxg3+ 44. Kf1 Rf4+ 45. Rxf4 Qxf4+ 46. Ke2 Qf3+ 47. Ke1 Qe3+ 0-1


[Site "https://www.chess.com"]

[Event "Titled Tuesday Blitz August 09 Early 2022"]
[White "Bolourchifard, Farzad"]
[Black "Dushyant Sharma"]
[WhiteFideId "12510084"]
[BlackFideId "25065130"]
[WhiteElo "2317"]
[BlackElo "2133"]
[Result "0-1"]
[Round "08"]
[TimeControl "180+1"]
[Date "2022.08.09"]
[WhiteClock "0:01:18"]
[BlackClock "0:02:02"]

1. e4 d5 2. exd5 Nf6 3. d4 Bg4 4. Be2 Bxe2 5. Qxe2 Qxd5 6. Nf3 Nc6 7. O-O O-O-O 8. Be3 e6 9. c4 Qh5 10. Nc3 Bd6 11. h3 g5 12. Nxg5 Qg6 13. Qf3 Rhg8 14. Nge4 Be7 15. Rad1 Nh5 16. a3 f5 17. Nc5 Bxc5 18. dxc5 Rxd1 0-1


[Site "https://www.chess.com"]

[Event "Titled Tuesday Blitz August 09 Early 2022"]
[White "Bosnjak, Petar"]
[Black "Maksimenko, Viktor"]
[WhiteFideId "14532581"]
[BlackFideId "13710478"]
[WhiteElo "2135"]
[BlackElo "2269"]
[Result "1-0"]
[Round "08"]
[TimeControl "180+1"]
[Date "2022.08.09"]
[WhiteClock "0:00:10"]
[BlackClock "0:00:02"]

1. d4 Nf6 2. c4 e6 3. Nf3 b6 4. Nc3 Bb4 5. Bd2 Bb7 6. e3 O-O 7. Be2 Bxc3 8. Bxc3 Ne4 9. Qc2 f5 10. O-O d6 11. Nd2 Nd7 12. Nxe4 Bxe4 13. Qd1 Nf6 14. b4 Qe8 15. a4 a6 16. a5 b5 17. cxb5 axb5 18. Rc1 Bd5 19. Qd3 Bc4 20. Qc2 d5 21. Rfd1 Ne4 22. f3 Nd6 23. Re1 Ra6 24. Bxc4 bxc4 25. Ra1 c6 26. Re2 Ra7 27. Be1 g5 28. Qd2 Nb5 29. Bg3 Qe7 30. Be5 c3 31. Qe1 Qxb4 32. Qg3 h6 33. h4 Qe7 34. a6 Rfa8 35. Rea2 Kh7 36. hxg5 Qxg5 37. Kf2 Qxg3+ 38. Bxg3 Kg6 39. Bf4 h5 40. Ke2 Kf6 41. Kd3 Ke7 42. g3 Kd7 43. Be5 c5 44. dxc5 Kc6 45. Ra5 Kxc5 46. Rb1 Rxa6 47. Rbxb5+ Kc6 48. Rc5+ Kd7 49. Rc7+ Kd8 50. Rxa6 Rxa6 51. Rxc3 Ra4 52. f4 Ke8 53. Rc7 Ra2 54. Rh7 Rg2 55. Rxh5 Rxg3 56. Rh7 Rg1 57. Kd4 Re1 58. Bf6 Kf8 59. Re7 Rd1+ 60. Ke5 Re1 61. Kxe6 Rxe3+ 62. Kd6 Re4 63. Be5 d4 64. Ke6 d3 65. Kf6 d2 66. Rd7 Rxe5 67. fxe5 1-0


[Site "https://www.chess.com"]

[Event "Titled Tuesday Blitz August 09 Early 2022"]
[White "Bressac, Stephane"]
[Black "Begunov, Konstantin"]
[WhiteFideId "655945"]
[BlackFideId "4118510"]
[WhiteElo "2339"]
[BlackElo "2262"]
[Result "1-0"]
[Round "08"]
[TimeControl "180+1"]
[Date "2022.08.09"]
[WhiteClock "0:02:09"]
[BlackClock "0:00:04"]

1. e4 c5 2. Nf3 d6 3. Bb5+ Bd7 4. Bxd7+ Qxd7 5. c4 Nf6 6. Nc3 Nc6 7. d4 cxd4 8. Nxd4 Qg4 9. Qxg4 Nxg4 10. Nxc6 bxc6 11. c5 g6 12. Ke2 Bg7 13. cxd6 exd6 14. f3 Ne5 15. Bf4 Ke7 16. Rac1 Rab8 17. b3 Rhd8 18. Rhd1 Ke6 19. Na4 Rbc8 20. Be3 Rd7 21. g3 f5 22. f4 Ng4 23. exf5+ gxf5 24. Bg1 Nf6 25. Kf3 Bf8 26. Bd4 Ne4 27. Nc3 d5 28. Be5 Ba3 29. Rc2 Bb4 30. Ne2 c5 31. Nd4+ cxd4 32. Rxc8 Bc3 33. Bxd4 Nd2+ 34. Ke2 Bxd4 35. Rxd2 Bb6 36. Kd3 d4 37. Re2+ Kd5 38. Re5+ Kd6 39. Rxf5 Re7 40. Re5 Rxe5 41. fxe5+ Kxe5 42. a4 Kf5 43. b4 a5 44. bxa5 Bxa5 45. Ra8 Bc3 46. a5 Kg4 47. a6 1-0


[Site "https://www.chess.com"]

[Event "Titled Tuesday Blitz August 09 Early 2022"]
[White "Broca Jimenez, Fernando"]
[Black "Jiganchine, Roman"]
[WhiteFideId "5104742"]
[BlackFideId "2603667"]
[WhiteElo "2062"]
[BlackElo "2291"]
[Result "0-1"]
[Round "08"]
[TimeControl "180+1"]
[Date "2022.08.09"]
[WhiteClock "0:00:07"]
[BlackClock "0:00:04"]

1. e4 c6 2. d4 d5 3. Nc3 dxe4 4. Nxe4 Nf6 5. Nxf6+ exf6 6. Bf4 Na6 7. Bxa6 Qa5+ 8. Qd2 Qxa6 9. Nf3 Be6 10. b3 Be7 11. Qe2 Qxe2+ 12. Kxe2 a5 13. h3 O-O 14. Rhe1 Bb4 15. Bd2 Bd6 16. c4 a4 17. g4 b5 18. c5 Bc7 19. Nh4 axb3 20. axb3 Bxb3 21. Nf5 Bc4+ 22. Kf3 g6 23. Ne3 Be6 24. Bc3 Rfd8 25. Ke2 Rdb8 26. Nc2 Bc4+ 27. Kd2 Bf4+ 28. Ne3 Rxa1 29. Rxa1 b4 30. Bb2 Be6 31. Ra7 f5 32. gxf5 Bxf5 33. h4 h5 34. Ra6 Be4 35. Rb6 Bc7 36. Rxb8+ Bxb8 37. Nc4 Bf4+ 38. Ke2 Bd5 39. Na5 f5 40. Nb7 Kf7 41. Nd6+ Bxd6 42. cxd6 Ke6 43. f4 Kxd6 44. Ke3 c5 45. dxc5+ Kxc5 46. Kd3 Be4+ 47. Ke3 Kc4 48. Kd2 Kb3 49. Kc1 Kc4 50. Kd2 Bd5 51. Bf6 Kb3 52. Kc1 Be4 53. Be5 Kc4 54. Kd2 Kd5 55. Ke3 Bb1 56. Bh8 Ba2 57. Bg7 Ke6 58. Bh8 Kd5 59. Bg7 Bc4 60. Bh8 Bb5 61. Bg7 Be8 62. Bh8 b3 63. Kd2 Bf7 64. Kc3 Ke4 65. Be5 Kf3 66. Kd4 Kg4 67. Ke3 Kxh4 68. Bf6+ Kg4 69. Be7 h4 70. Bf6 h3 71. Kf2 Kxf4 72. Bb2 Kg4 73. Kg1 f4 74. Be5 g5 75. Bb2 Be6 76. Bd4 Kf3 77. Bb2 g4 78. Bd4 Bd5 79. Bb2 g3 80. Bd4 h2+ 81. Kf1 h1=Q+ 82. Bg1 Qg2+ 0-1


[Site "https://www.chess.com"]